 Dungeon Crawl Stone Soup version 0.30-a0-50-gb2d611f6b1 (webtiles) character file.

Game seed: 17376702229039255814

266 drugrobin the Cutter (level 5, -3/42 HPs)
             Began as a Demigod Delver on Sept 5, 2022.
             Slain by an ogre
             ... wielding a +0 giant club
              (33 damage)
             ... on level 4 of the Dungeon.
             The game lasted 00:07:42 (4447 turns).

drugrobin the Cutter (Demigod Delver)               Turns: 4447, Time: 00:07:43

Health: -3/42      AC: 10    Str: 17    XL:     5   Next: 67%
Magic:  7/7        EV: 11    Int: 12    God:
Gold:   115        SH:  0    Dex: 15    Spells: 1/4 levels left

rFire   . . .      SeeInvis .    a - +1 dagger (speed)
rCold   . . .      Faith    .    (no shield)
rNeg    + . .      Spirit   .    t - +2 ring mail {rN+}
rPois   .          Reflect  .    l - +2 helmet
rElec   .          Harm     .    (no cloak)
rCorr   .          Rampage  .    (no gloves)
Will    .....                    (no boots)
Stlth   ++........               (no amulet)
HPRegen 0.14/turn                (no ring)
MPRegen 0.10/turn                (no ring)

@: no status effects
A: high MP 1, forlorn, divine attributes
a: no special abilities


You were on level 4 of the Dungeon.
You visited 1 branch of the dungeon, and saw 5 of its levels.

You collected 115 gold pieces.

Inventory:

Hand Weapons
 a - a +1 dagger of speed (weapon)
 b - a +1 falchion of holy wrath
 c - a +0 war axe of venom
 d - a +0 sling
Missiles
 h - 60 stones
 i - 2 javelins (quivered)
Armour
 l - a +2 helmet (worn)
 t - a +2 ring mail of positive energy (worn)
Magical Staves
 v - a staff of death
 D - a staff of cold
Wands
 g - a wand of digging (3)
 y - a wand of light (12)
Scrolls
 e - 3 scrolls of fear
 j - 3 scrolls of teleportation {unknown}
 k - a scroll of summoning {unknown}
 m - a scroll of amnesia {unknown}
 o - 8 scrolls of identify {unknown}
 p - a scroll of fog
 r - 4 scrolls of vulnerability {unknown}
 u - a scroll of magic mapping
 x - 2 scrolls of butterflies {unknown}
Potions
 f - a potion of haste
 n - 2 potions of heal wounds {unknown}
 q - a potion of magic {unknown}
 s - a potion of degeneration {unknown}
 w - a potion of mutation {unknown}
 z - a potion of lignification {unknown}
 A - a potion of cancellation {unknown}
 B - 2 potions of curing {unknown}
 C - 2 potions of flight {unknown}


   Skills:
 - Level 2.7 Fighting
 + Level 5.7 Short Blades
 - Level 1.8 Dodging
 - Level 4.5 Stealth


You had one spell level left.
You knew the following spells:

 Your Spells              Type           Power      Damage    Failure   Level
a - Sandblast             Erth           0%         2d4       52%         1
b - Passwall              Tmut/Erth      0%         N/A       67%         2

Your spell library contained the following spells:

 Spells                   Type           Power      Damage    Failure   Level
 Stone Arrow              Conj/Erth      0%         3d7       88%         3


Dungeon Overview and Level Annotations

Branches:
Dungeon (5/15)             Temple (0/1) D:4


Innate Abilities, Weirdness & Mutations

You have an increased reservoir of magic. (+10% MP)
You shall have no god before yourself.
Your divine heritage dramatically boosts your attributes as you level up.


Message History

Your +0 war axe of venom stops dripping with poison.
Your hands tingle!
a - a +1 dagger of speed (weapon)
The iguana bites you.
You hit the iguana but do no damage.
The iguana is almost dead.
You barely miss the iguana.
The iguana is almost dead.
The iguana bites you.
You hit the iguana.
You kill the iguana!
Things that are here:
an iguana corpse; an iguana corpse You start resting.
HP restored.
Found a hand axe.
h - 60 stones (gained 3)
An ogre comes into view. It is wielding a +0 giant club.
Found a whip.
Unknown command.
Found a Young Poisoner's Handbook.
Your +0 war axe of venom begins to drip with poison!
c - a +0 war axe of venom (weapon)
Throw: 3 javelins
Press: ? - help, Q - select action, (/) - cycle Shift-Dir - straight line, f - ogre
Aim: an ogre, wielding a +0 giant club (74% to hit)
You throw a javelin. The javelin pierces through the ogre!
The ogre is moderately wounded.
Unknown command.
Unknown command.
Unknown command.
You slash the ogre!
The ogre is poisoned.
The ogre is heavily wounded.
The ogre hits you with a +0 giant club!
Your +0 war axe of venom stops dripping with poison.
Your hands tingle!
a - a +1 dagger of speed (weapon)
The ogre hits you with a +0 giant club!!
Ouch! That really hurt!
You die...

...####..#######.##
#### ##.......#..##
#...###..#..##
########.###
##.##..# ....#....#
##....# ........##
#...## .########
##..## .#
..####...# .#
.......@.# .#
.......O..# ##
.....##...... ..###
###....:# . (.####
.## #..###### .#
#........
#......≈≈≈


You could see an ogre (very poisoned).

Vanquished Creatures
  2 iguanas (D:4)
  Natasha (thrice) (D:3)
  3 adders
  3 worms
  2 dart slugs
  10 orcs
  6 bats
  8 endoplasms
  8 giant cockroaches
  5 hobgoblins
  2 jackals (D:1)
  11 kobolds
  4 quokkas
  8 ball pythons
  5 frilled lizards (D:2)
  7 goblins
  5 rats
92 creatures vanquished.

Notes
Turn   | Place    | Note
-------+----------+-------------------------------------------
     0 | D:5      | drugrobin the Demigod Delver began the quest for the Orb.
     0 | D:5      | Reached XP level 1. HP: 18/18 MP: 3/3
   383 | D:4      | Found a staircase to the Ecumenical Temple.
   493 | D:4      | Reached skill level 2 in Short Blades
   870 | D:4      | Reached XP level 2. HP: 8/25 MP: 4/4
  1636 | D:3      | Reached skill level 3 in Short Blades
  1851 | D:2      | Reached XP level 3. HP: 30/30 MP: 5/5
  1904 | D:2      | Learned a level 1 spell: Sandblast
  2427 | D:1      | Reached skill level 4 in Short Blades
  2474 | D:1      | Reached XP level 4. HP: 37/37 MP: 6/6
  3531 | D:3      | Noticed Natasha
  3541 | D:3      | Killed Natasha
  3566 | D:3      | Noticed Natasha
  3585 | D:3      | Killed Natasha
  3586 | D:3      | Reached XP level 5. HP: 42/42 MP: 7/7
  3589 | D:3      | Reached skill level 5 in Short Blades
  3774 | D:3      | Noticed Natasha
  3788 | D:3      | Killed Natasha
  3974 | D:3      | You fall into a shaft and drop 2 floors!
  4026 | D:4      | Learned a level 2 spell: Passwall
  4440 | D:4      | Noticed an ogre
  4447 | D:4      | Slain by an ogre

Illustrated notes

Levels and vault maps discovered:
D:1:      dpeg_arrival_round_a, layout_loops_ring,
          dreamdust_ecumenical_altar_hidden_monk_grotto, minmay_fountain_box,
          hangedman_decor_points
D:2:      layout_loops_ring
D:3:      layout_loops_ring, lemuel_doored_altar, corexii_leaking_fountain,
          minivault_23, uniq_natasha
D:4:      cheibrodos_barr_body, layout_layer_cave, temple_pool_b
D:5:      layout_rooms, nrook_campfire

Skill      XL: |  1  2  3  4  5 |
---------------+----------------+-----
Short Blades   | 2 3 4 5 |  5.7
Fighting       | |  2.7
Dodging        | |  1.8
Stealth        | |  4.5

Action                   |  1- 3 |  4- 6 || total
-------------------------+-------+-------++-------
Melee: Short sword       |    82 |       ||    82
       Falchion          |    21 |       ||    21
       Punch             |     3 |       ||     3
       Dagger            |    66 |   110 ||   176
       War axe           |     5 |    37 ||    42
       Unarmed           |       |     1 ||     1
 Fire: Sling             |     9 |     5 ||    14
Throw: Javelin           |     1 |     2 ||     3
 Stab: Sleeping          |     7 |     7 ||    14
       Distracted        |     1 |       ||     1
Armor: Leather armour    |    15 |       ||    15
       Ring mail         |    41 |    47 ||    88
       Skin              |       |     1 ||     1
Dodge: Dodged            |    85 |    50 ||   135

Table legend: (Time is in decaauts)
 A = Elapsed time spent in this place.
 B = Non-inter-level travel time spent in this place.
 C = Inter-level travel time spent in this place.
 D = Time resting spent in this place.
 E = Time spent auto-exploring this place.
 F = Levels seen in this place.
 G = Mean time per level.
                   A        B        C        D        E       F      G
               +--------+--------+--------+--------+--------+-----+--------+
         Total |   4377 |   4305 |     72 |    817 |   2528 |   5 |  875.4 |
       Dungeon |   4377 |   4305 |     72 |    817 |   2528 |   5 |  875.4 |
               +--------+--------+--------+--------+--------+-----+--------+

Top non-repeatable levels by time:
     D:4: 1508 daAuts
     D:3: 1000 daAuts
     D:1: 914 daAuts
     D:2: 806 daAuts
     D:5: 147 daAuts
